AoeStats
← ITZ | AutocavS

Arabian Desert

510120867Analyzed
1v1 RM · 4d ago on Sep 29, 2026· 55m 1s· 2 players
Game mode
Random Map
Map size
Tiny (2 player)
Population
200
Speed
Normal
Resources
Standard
Victory
Conquest
Starting age
Dark Age
Ending age
Imperial Age
RankedLock teamsTeams togetherTeam positionsShared explorationLock speedFull tech treeHidden civsTurbo modeCheats
Victory
Defeat
🇦🇷 Magyars · Argentina
1476
+14
🇮🇳 Mongols · India
1431
-14
Voodoo Child390
6:38 Loom
8:37 Feudal Age
8:58 Man-at-Arms
20:27 Castle Age
19:07 Double-Bit Axe
20:01 Fletching
20:12 Padded Archer Armor
20:32 Crossbowman
21:08 Bodkin Arrow
22:40 Leather Archer Armor
25:22 Elite Skirmisher
28:16 Ballistics
31:24 Wheelbarrow
30:34 Town Watch
37:42 Imperial Age
36:43 Scale Barding Armor
38:28 Bracer
39:48 Forging
40:56 Chain Barding Armor
41:11 Iron Casting
41:34 Bloodlines
42:56 Cavalier
49:19 Horse Collar
49:51 Bow Saw
54:53 Chemistry
ITZ | AutocavS
5:53 Loom
9:09 Feudal Age
11:01 Double-Bit Axe
17:59 Gold Mining
20:54 Castle Age
18:58 Horse Collar
19:13 Fletching
19:54 Bloodlines
20:00 Padded Archer Armor
21:37 Bodkin Arrow
26:19 Scale Barding Armor
27:17 Leather Archer Armor
28:40 Husbandry
29:18 Light Cavalry
36:04 Imperial Age
35:01 Stone Mining
36:07 Ballistics
36:27 Gold Shaft Mining
37:31 Bracer
38:08 Heavy Cavalry Archer
40:14 Parthian Tactics
40:24 Thumb Ring
41:26 Wheelbarrow
40:37 Town Watch
43:09 Conscription
43:43 Recurve Bow
44:11 Hussar
45:59 Chain Barding Armor
46:11 Ring Archer Armor
48:35 Chemistry
49:15 Cavalier
49:35 Cavalier
53:07 Plate Barding Armor
53:27 Hand Cart
Connection lost

Rejoining the realm…

Still unreachable

The connection could not be restored.

Session expired

The server has moved on; the page needs a fresh start.